 Dungeon Crawl Stone Soup version 0.28.0-47-ge53b351184 (webtiles) character file.

Game seed: 10027116025901047442

17 101zpm the Magician (level 2, 0/24 HPs)
             Began as a Troll Hedge Wizard on Apr 28, 2022.
             Slain by an adder (4 damage)
             ... on level 4 of the Dungeon.
             The game lasted 00:01:16 (378 turns).

101zpm the Magician (Troll Hedge Wizard)             Turns: 378, Time: 00:01:16

Health: 0/24       AC:  4    Str: 17    XL:     2   Next: 44%
Magic:  4/4        EV:  9    Int: 10    God:
Gold:   6          SH:  0    Dex:  9    Spells: 4/5 levels left

rFire   . . .      SeeInvis .   a - +0 dagger
rCold   . . .      Faith    .   (no shield)
rNeg    . . .      Spirit   .   b - +0 robe
rPois   .          Reflect  .   c - +0 hat
rElec   .          Harm     .   (no cloak)
rCorr   .          Rampage  .   (gloves unavailable)
Will    .....                   (boots unavailable)
Stlth   +.........              (no amulet)
HPRegen 0.88/turn               (no ring)
MPRegen 0.09/turn               (no ring)

@: lethally poisoned (0 -> -1)
A: large, unfitting armour, claws 3, regeneration 1, shaggy fur 1, tough skin 1
a: no special abilities


You were on level 4 of the Dungeon.
You visited 1 branch of the dungeon, and saw 4 of its levels.

You collected 6 gold pieces.

Inventory:

Hand Weapons
 a - a +0 dagger (weapon)
Armour
 b - a +0 robe (worn)
 c - a +0 hat (worn)
Scrolls
 d - a scroll of silence {unknown}
 e - a scroll of identify {unknown}
Potions
 f - a potion of heal wounds {unknown}
 g - a potion of brilliance {unknown}
 h - a potion of cancellation {unknown}
 i - a potion of lignification {unknown}


   Skills:
 + Level 0.2 Fighting
 + Level 0.2 Short Blades
 + Level 1.8 Dodging
 + Level 1.0 Stealth
 + Level 2.2 Spellcasting
 + Level 0.8 Conjurations
 + Level 0.7 Summonings
 + Level 0.6 Translocations


You had 4 spell levels left.
You knew the following spells:

 Your Spells              Type           Power      Damage    Failure   Level
a - Magic Dart            Conj           8%         1d3       22%         1

Your spell library contained the following spells:

 Spells                   Type           Power      Damage    Failure   Level
 Slow                     Hex            4%         N/A       30%         1
 Call Imp                 Summ           2%         N/A       34%         2
 Blink                    Tloc           4%         N/A       36%         2
 Conjure Flame            Conj/Fire      1%         6-21      61%         3
 Mephitic Cloud           Conj/Pois/Air  1%         N/A       63%         3
 Ozocubu's Armour         Ice            1%         N/A       67%         3
 Metabolic Englaciation   Hex/Ice        0%         N/A       100%        5
 Simulacrum               Ice/Necr       0%         N/A       100%        6


Dungeon Overview and Level Annotations

Branches:
Dungeon (4/15)
 Temple: D:4-7

Altars:


Innate Abilities, Weirdness & Mutations

You are too large for most types of armour.
You have claws for hands.
Your natural rate of healing is unusually fast.
You are covered in fur. (AC +1)
You have tough skin. (AC +1)


Message History

i - a murky purple potion An endoplasm comes into view.
There is a stone staircase leading up here.
The endoplasm quivers.
You climb upwards.
The frilled lizard hisses angrily.
The goblin shouts!
The adder hisses angrily.
Found a murky purple potion.
There is a stone staircase leading down here.
You hit the adder.
The adder is lightly wounded.
The adder bites you. The frilled lizard bites you.
You hit the adder but do no damage.
The adder is lightly wounded.
The adder bites you but does no damage. The frilled lizard closely misses you.
You closely miss the adder.
The adder is lightly wounded.
The adder bites you.
You are poisoned.
The adder poisons you! The frilled lizard bites you.
You can't go up here!
You feel sick. The adder bites you.
You are more poisoned.
The adder poisons you! The goblin hits you but does no damage.
The frilled lizard barely misses you. The adder barely misses you.
You climb downwards.
You feel very sick. The endoplasm freezes you.
You are frozen.
There is a stone staircase leading up here.
You feel sick. The adder bites you but does no damage.
The endoplasm barely misses you.
You feel sick. The endoplasm freezes you.
You are frozen.
* * * LOW HITPOINT WARNING * * *
You feel sick. The adder closely misses you.
You feel sick.
You feel sick.
You feel sick. The adder bites you.
You die...

### .. #.####.##
#.......# #### #@#
..... #S# ####...#
#J####.## .. ......#
#l....... #..
#!...#####g[###.##
#..###.............#.#
..$...........<.....#
####...........##.....#
...............####.###


You could see an adder, an endoplasm, a goblin and a frilled lizard.

Vanquished Creatures
  An orc (D:2)
  2 ball pythons
  An endoplasm (D:2)
  A goblin (D:1)
  4 hobgoblins
  3 kobolds
  A frilled lizard (D:2)
  A rat (D:1)
14 creatures vanquished.

Notes
Turn   | Place    | Note
-------+----------+-------------------------------------------
     0 | D:1      | 101zpm the Troll Hedge Wizard began the quest for the Orb.
     0 | D:1      | Reached XP level 1. HP: 16/16 MP: 2/2
   205 | D:2      | Reached XP level 2. HP: 22/24 MP: 4/4
   263 | D:3      | Identified the +1 ring mail "Sac Musk" {rElec rC+ Slay-2}
   378 | D:4      | Slain by an adder

Illustrated notes

Levels and vault maps discovered:
D:1:      sevenhm_arrival_forest_fort_small_6, layout_loops_corners,
          dilly_ecumenical_altar_fadedgnrine
D:2:      layout_basic, chequers_hall_statues_wall_a,
          chequers_serial_rivers_micro_b, kennysheep_generic_room_7,
          uniq_sigmund, uniq_jessica
D:3:      layout_rooms, mainiacjoe_overflow_six_doors_small,
          mainiacjoe_overflow_concentric_impassable
D:4:      layout_loops_ring

Action                   || total
-------------------------++-------
Melee: Dagger            ||    85
       Punch             ||     1
Armor: Robe              ||    25
Dodge: Dodged            ||    42
